 Dungeon Crawl Stone Soup version 0.30.0-5-g1a98f26d00 (webtiles) character file.

Game seed: 1135097851351043361

755 sasquatch the Carver (level 7, 0/50 (51) HPs)
             Began as a Barachi Reaver on May 10, 2023.
             Slain by a wight
             ... wielding a +4 dire flail
              (9 damage)
             ... on level 5 of the Dungeon.
             The game lasted 00:09:26 (3516 turns).

sasquatch the Carver (Barachi Reaver)               Turns: 3516, Time: 00:09:27

HP:   0/50 (51)     AC:  4    Str: 14    XL:     7   Next: 79%
MP:   0/10          EV: 23    Int: 17    God:
Gold: 98            SH:  0    Dex: 20    Spells: 9/10 levels left

rFire   . . .        o - +0 long sword
rCold   . . .        (no shield)
rNeg    . . .        m - +1 robe "Voper" {Int+4 Dex+8 Stlth-}
rPois   .            t - +0 helmet
rElec   .            (no cloak)
rCorr   .            (no gloves)
SInv    .            (no boots)
Will    .....        v - amulet of guardian spirit
Stlth   +            c - +5 ring of evasion
HPRegen 0.28/turn    y - +5 ring of evasion
MPRegen 0.12/turn

%: guardian spirit
@: lightly drained, slow
A: amphibious, slowness 1, strong legs 1, +LOS
a: Hop


You were on level 5 of the Dungeon.
You visited 1 branch of the dungeon, and saw 5 of its levels.

You collected 266 gold pieces.
You spent 168 gold pieces at shops.

Inventory:

Hand Weapons
 a - a +2 short sword of flaming
 o - a +0 long sword (weapon)
 z - a +3 dagger
Missiles
 n - 3 javelins
 q - 5 boomerangs
 s - 15 poisoned darts (quivered)
 w - 6 atropa-tipped darts
Armour
 i - the +1 leather armour "Bymaapt" {rElec rF+ Dex-4}
   (You bought it in a shop on level 5 of the Dungeon)

   Dex:       It affects your dexterity (-4).
   rF:        It protects you from fire.
   rElec:     It insulates you from electricity.
 m - the +1 robe "Voper" (worn) {Int+4 Dex+8 Stlth-}
   (You found it on level 2 of the Dungeon)

   Int:       It affects your intelligence (+4).
   Dex:       It affects your dexterity (+8).
   Stlth:     It makes you less stealthy.
 t - a +0 helmet (worn)
Jewellery
 c - a +5 ring of evasion (left hand)
 e - a ring of wizardry
 p - a ring of resist corrosion
 v - an amulet of guardian spirit (around neck)
 y - a +5 ring of evasion (right hand)
Scrolls
 g - 3 scrolls of fog
 j - 3 scrolls of teleportation
 k - a scroll of poison {unknown}
 l - a scroll of enchant armour {unknown}
 r - a scroll of immolation {unknown}
 u - a scroll of blinking {unknown}
 x - 2 scrolls of amnesia {unknown}
Potions
 b - a potion of degeneration
 d - a potion of mutation
 f - 2 potions of brilliance
 h - 3 potions of flight


   Skills:
 - Level 2.4 Fighting
 + Level 10.6 Long Blades
 - Level 2.1 Dodging
 - Level 2.1 Spellcasting
 - Level 3.2 Conjurations


You had 9 spell levels left.
You knew the following spells:

 Your Spells              Type           Power      Damage    Failure   Level
a - Kiss of Death         Conj/Necr      28%        2d7       10%         1

Your spell library contained the following spells:

 Spells                   Type           Power      Damage    Failure   Level
 Momentum Strike          Conj/Tloc      14%        3d8       14%         2
 Hailstorm                Conj/Ice       7%         3d4       28%         3
 Confusing Touch          Hex            1%         N/A       50%         3
 Dispel Undead            Necr           1%         3d6       88%         4


Dungeon Overview and Level Annotations

Branches:
Dungeon (5/15)
 Temple: D:4-7

Altars:
Qazlal

Shops:
D:5 [

Annotations:
D:3 Grinder


Innate Abilities, Weirdness & Mutations

You are amphibious.
You cover ground slowly.
You can hop short distances.
You have an extended range of vision and can be seen from far away.


Message History

The wight hits you with a +4 dire flail!
Unknown command.
You closely miss the wight. The wight misses you.
Unknown command.
Unknown command.
You hit the wight.
The wight is lightly damaged.
The wight hits you with a +4 dire flail.
You hit the wight.
The wight is moderately damaged.
The wight closely misses you.
You hit the wight.
The wight is heavily damaged.
You hit the wight but do no damage.
The wight is heavily damaged.
The wight completely misses you.
Unknown command.
You hit the wight but do no damage.
The wight is heavily damaged.
The wight hits you with a +4 dire flail!
You feel drained.
Unknown command.
You barely miss the wight.
The wight is heavily damaged.
The wight hits you with a +4 dire flail!
* * * LOW HITPOINT WARNING * * *
Unknown command.
Okay, then.
Hop to where?
Press: ? - help, Dir - move target
Okay, then.
Unknown command.
You hit the wight but do no damage.
The wight is heavily damaged.
The wight misses you.
Unknown command.
You hit the wight.
The wight is severely damaged.
The wight hits you with a +4 dire flail!
You die...

#..........## ##
#..........#
#..........# #
########
##.........# #
#.......##
###......## #
.........##
##.##### #
..........# #..#
# ..........##
#.## #
...........# #@#
# .......z...#
#z#
...........###)#
#####
##.............#
#....
############.##
#.... ### #####


You could see a wight.

Vanquished Creatures
  An ogre (D:5)
  4 scorpions (D:5)
  2 wights (D:5)
  A jelly (D:5)
  3 iguanas
  Natasha (D:4)
  7 gnolls
  4 adders (D:5)
  A white imp (D:5)
  An ufetubus (D:4)
  2 worms
  A dart slug (D:3)
  An orc (D:5)
  3 endoplasms
  2 giant cockroaches
  7 goblins
  2 hobgoblins
  10 jackals
  12 kobolds
  3 quokkas
  8 ball pythons
  5 bats
  4 frilled lizards
  4 rats
89 creatures vanquished.

Notes
Turn   | Place    | Note
-------+----------+-------------------------------------------
     0 | D:1      | sasquatch the Barachi Reaver began the quest for the Orb.
     0 | D:1      | Reached XP level 1. HP: 17/17 MP: 3/3
   148 | D:1      | Reached skill level 4 in Long Blades
   330 | D:1      | Reached XP level 2. HP: 21/23 MP: 5/5
   497 | D:1      | Found a faded altar of an unknown god.
   938 | D:2      | Reached XP level 3. HP: 28/28 MP: 6/6
   951 | D:2      | Reached skill level 5 in Long Blades
   992 | D:2      | Identified the +1 robe "Voper" {Int+4 Dex+8 Stlth-}
  1673 | D:3      | Reached XP level 4. HP: 33/34 MP: 7/7
  1887 | D:3      | Noticed Grinder
  2100 | D:4      | Reached skill level 6 in Long Blades
  2230 | D:4      | Noticed Natasha
  2235 | D:4      | Killed Natasha
  2236 | D:4      | Reached XP level 5. HP: 39/39 MP: 8/8
  2358 | D:3      | Reached skill level 7 in Long Blades
  2609 | D:5      | Entered Level 5 of the Dungeon
  2747 | D:5      | Found Aggiagot's Antique Armour Shoppe.
  2755 | D:5      | Bought a shimmering leather armour for 168 gold pieces
  2755 | D:5      | Identified the +1 leather armour "Bymaapt" {rElec rF+
                  | Dex-4} (You bought it in a shop on level 5 of the Dungeon)
  2781 | D:5      | Reached skill level 8 in Long Blades
  2781 | D:5      | Reached XP level 6. HP: 46/46 MP: 9/9
  2894 | D:5      | Found a stormy altar of Qazlal.
  2993 | D:5      | Reached skill level 9 in Long Blades
  2993 | D:5      | Reached XP level 7. HP: 47/51 MP: 10/10
  3238 | D:5      | Reached skill level 10 in Long Blades
  3516 | D:5      | Slain by a wight

Illustrated notes

Levels and vault maps discovered:
D:1:      matt_arrival_spirals, layout_loops_ring,
          hellmonk_ecumenical_altar_pennies_from_heaven, minmay_surrounded
D:2:      layout_basic
D:3:      layout_loops_ring, serial_shops, shop, minmay_goblin_kobold_house,
          uniq_grinder, uniq_sigmund
D:4:      layout_cave_pools, uniq_natasha
D:5:      old_forge, layout_cave_pods, nicolae_qazlal_scattered_showers,
          serial_shops, shop

Skill      XL: |  1  2  3  4  5  6  7 |
---------------+----------------------+-----
Long Blades    | 4 5 6 8 9 10 | 10.6
Fighting       | |  2.4
Dodging        | |  2.1
Spellcasting   | |  2.1
Conjurations   | |  3.2

Action                     |  1- 3 |  4- 6 |  7- 9 || total
---------------------------+-------+-------+-------++-------
  Melee: Falchion          |   137 |       |       ||   137
         Long sword        |    14 |   139 |    73 ||   226
         Punch             |       |     2 |       ||     2
  Throw: Dart              |       |       |     6 ||     6
Ability: Hop               |       |     1 |       ||     1
    Use: Scroll            |       |     6 |       ||     6
         Potion            |       |     3 |     1 ||     4
 Armour: Ring mail         |    33 |       |       ||    33
         Leather armour    |     4 |       |       ||     4
         Robe              |     9 |    17 |     6 ||    32
  Dodge: Dodged            |    94 |   139 |    44 ||   277
